AoeStats
← andresffelipe20

Arena

509481533Analyzed
3v3 RM · 4d ago on Sep 26, 2026· 29m 28s· 6 players
Game mode
Random Map
Map size
Normal (6 player)
Population
200
Speed
Normal
Resources
Standard
Victory
Conquest
Starting age
Dark Age
Ending age
Imperial Age
RankedLock teamsTeams togetherTeam positionsShared explorationLock speedFull tech treeHidden civsTurbo modeCheats
Victory
Defeat
🇨🇦 Teutons · Canada
1262
+12
🇨🇭 Burgundians · Switzerland
1237
+13
🇲🇽 Koreans · Mexico
1228
+13
🇸🇻 Saxons · El Salvador
1214
-14
🇵🇪 Malians · Peru
1178
-13
🇨🇴 Italians · Colombia
1113
-11
AdamSvp21
9:46 Feudal Age
14:02 Castle Age
13:17 Double-Bit Axe
13:19 Horse Collar
13:56 Loom
16:27 Fletching
25:57 Town Watch
29:43 Imperial Age
27:24 Squires
27:27 Gold Mining
28:53 Scale Mail Armor
30:01 Forging
andresffelipe20
8:59 Feudal Age
10:07 Double-Bit Axe
10:03 Horse Collar
11:09 Loom
18:00 Castle Age
20:18 Forging
20:17 Scale Barding Armor
22:34 Loom
23:30 Wheelbarrow
23:00 Fletching
27:28 Town Watch
Yaoces
9:37 Feudal Age
9:51 Loom
19:48 Castle Age
18:59 Fletching
Oveja de Batalla
11:16 Feudal Age
15:37 Castle Age
13:34 Double-Bit Axe
13:54 Horse Collar
15:36 Town Watch
20:17 Fletching
21:11 Loom
23:34 Scale Mail Armor
24:39 Bow Saw
27:18 Gold Mining
28:04 Forging
29:55 Wheelbarrow
Chasers
6:52 Loom
8:59 Feudal Age
11:01 Fletching
11:55 Double-Bit Axe
11:57 Town Watch
12:48 Wheelbarrow
17:21 Horse Collar
27:00 Castle Age
27:00 Bloodlines
27:47 Bodkin Arrow
27:45 Gold Mining
28:43 Guard Tower
Dr.Greenthumb
7:04 Double-Bit Axe
8:07 Horse Collar
9:49 Wheelbarrow
11:55 Feudal Age
15:42 Bow Saw
15:32 Heavy Plow
17:51 Castle Age
16:32 Hand Cart
19:48 Crop Rotation
20:24 Two-Man Saw
20:56 Gold Mining
23:12 Gold Shaft Mining
22:28 Stone Mining
23:26 Loom
23:27 Town Watch
28:52 Imperial Age
26:31 Scale Barding Armor
26:37 Forging
27:08 Cavalier
27:49 Husbandry
28:12 Chain Barding Armor
28:57 Paladin
Connection lost

Rejoining the realm…

Still unreachable

The connection could not be restored.

Session expired

The server has moved on; the page needs a fresh start.